 Dungeon Crawl Stone Soup version 0.28.0 (webtiles) character file.

Game seed: 17151117582490871462

99 inmateoo the Chopper (level 5, -2/38 HPs)
             Began as a Formicid Warper on Feb 15, 2022.
             Slain by a kobold brigand (4 damage)
             ... on level 3 of the Dungeon.
             The game lasted 00:02:22 (3037 turns).

inmateoo the Chopper (Formicid Warper)              Turns: 3037, Time: 00:02:22

Health: -2/38      AC:  4    Str: 17    XL:     5   Next: 2%
Magic:  8/8        EV: 11    Int: 13    God:
Gold:   87         SH:  0    Dex: 10    Spells: 8/8 levels left

rFire   . . .      SeeInvis +   a - +0 hand axe
rCold   . . .      Faith    .   (no shield)
rNeg    . . .      Spirit   .   b - +1 leather armour
rPois   .          Reflect  .   (helmet unavailable)
rElec   .          Harm     .   (no cloak)
rCorr   .          Rampage  .   (no gloves)
Will    .....                   (no boots)
Stlth   +.........              (no amulet)
HPRegen 0.12/turn               (no ring)
MPRegen 0.11/turn               (no ring)

@: no status effects
A: permanent stasis, dig shafts and tunnels, antennae 3, four strong arms
a: Dig, Shaft Self


You were on level 3 of the Dungeon.
You visited 1 branch of the dungeon, and saw 3 of its levels.

You collected 87 gold pieces.

Inventory:

Hand Weapons
 a - a +0 hand axe (weapon)
Missiles
 c - 2 boomerangs of dispersal (quivered)
Armour
 b - a +1 leather armour (worn)
Jewellery
 d - a ring of fire
Scrolls
 e - a scroll of magic mapping
Potions
 f - a potion of curing
 g - a potion of ambrosia {unknown}


   Skills:
 - Level 2.1 Fighting
 * Level 4.8 Axes
 - Level 1.0 Throwing
 - Level 1.1 Armour
 - Level 1.7 Dodging
 - Level 2.1 Spellcasting
 - Level 2.6 Translocations


You had 8 spell levels left.
You didn't know any spells.
Your spell library contained the following spells:

 Spells                   Type           Power      Damage    Failure   Level
 Gell's Gravitas          Tloc           8%         N/A       30%         3
 Lesser Beckoning         Tloc           8%         N/A       30%         3
 Teleport Other           Tloc           8%         N/A       30%         3
 Ozocubu's Armour         Ice            1%         N/A       65%         3
 Manifold Assault         Tloc           8%         N/A       95%         5
 Ozocubu's Refrigeration  Ice            0%         4d5       100%        7
 Blink                    Tloc           Unusable   N/A       N/A         2

Dungeon Overview and Level Annotations

Branches:
Dungeon (3/15)

Altars:
Zin

Shops:
D:2 (


Innate Abilities, Weirdness & Mutations

You cannot be hasted, slowed, berserked, paralysed or teleported.
You can dig through walls and to a lower floor.
You have a pair of large antennae on your head. (SInv)
Your four strong arms can wield two-handed weapons with a shield.


Message History

You hit the kobold brigand but do no damage.
The kobold brigand is lightly wounded.
The kobold brigand hits you but does no damage.
You closely miss the kobold brigand. You punch the kobold brigand.
The kobold brigand is lightly wounded.
The kobold brigand barely misses you.
You hit the kobold brigand but do no damage.
The kobold brigand is lightly wounded.
The kobold brigand closely misses you.
You hit the kobold brigand but do no damage.
The kobold brigand is lightly wounded.
The kobold brigand hits you but does no damage.
You hit the kobold brigand.
The kobold brigand is moderately wounded.
The kobold brigand hits you with a +0 dagger.
You closely miss the kobold brigand.
The kobold brigand is moderately wounded.
The kobold brigand hits you with a +0 dagger.
You barely miss the kobold brigand.
The kobold brigand is moderately wounded.
The kobold brigand hits you with a +0 dagger.
* * * LOW HITPOINT WARNING * * *
You hit the kobold brigand.
The kobold brigand is moderately wounded.
The kobold brigand hits you but does no damage.
You barely miss the kobold brigand.
The kobold brigand is moderately wounded.
The kobold brigand hits you with a +0 dagger.
* * * LOW HITPOINT WARNING * * *
You closely miss the kobold brigand.
The kobold brigand is moderately wounded.
The kobold brigand closely misses you.
You slash the kobold brigand!
The kobold brigand is severely wounded.
The kobold brigand hits you with a +0 dagger.
* * * LOW HITPOINT WARNING * * *
You hit the kobold brigand but do no damage.
The kobold brigand is severely wounded.
The kobold brigand hits you with a +0 dagger.
You die...

###########.#######......##
# ##### #..# #.......##..
....######.## #..........
###...#....#######.......##.
###.#.###.............##
#.......#####......!##
##...##.## ##........#
#.#### # #.Kr........... #.#
#@#........#... ####.#
####...r.#.# ## .....#
##...#..# †....###. ###.....
.......... ..##...
.#######.. ... .... .# # .#
...


You could see a kobold brigand (resistant) and a rat.

Vanquished Creatures
  Jessica (D:2)
  2 adders
  A dart slug (D:2)
  4 ball pythons (D:1)
  4 bats
  8 endoplasms
  A giant cockroach (D:3)
  3 goblins
  6 hobgoblins
  4 jackals (D:1)
  3 quokkas
  6 frilled lizards
  2 kobolds (D:1)
  3 rats (D:1)
48 creatures vanquished.

Vanquished Creatures (others)
  4 plants (D:3)
4 creatures vanquished.

Grand Total: 52 creatures vanquished

Notes
Turn   | Place    | Note
-------+----------+-------------------------------------------
     0 | D:1      | inmateoo the Formicid Warper began the quest for the Orb.
     0 | D:1      | Reached XP level 1. HP: 16/16 MP: 3/3
   359 | D:1      | Reached XP level 2. HP: 19/22 MP: 5/5
   818 | D:1      | Reached skill level 3 in Axes
  1145 | D:1      | Reached XP level 3. HP: 4/27 MP: 6/6
  2038 | D:2      | Noticed Jessica
  2057 | D:2      | Killed Jessica
  2058 | D:2      | Reached skill level 4 in Axes
  2058 | D:2      | Reached XP level 4. HP: 4/33 MP: 7/7
  2530 | D:2      | Found a glowing silver altar of Zin.
  2542 | D:2      | Found Ohautuv's Weapon Emporium.
  2564 | D:2      | Found a faded altar of an unknown god.
  2906 | D:3      | Reached XP level 5. HP: 38/38 MP: 8/8
  3008 | D:3      | Noticed a kobold brigand
  3036 | D:3      | HP: 1/38 [kobold brigand (4)]
  3037 | D:3      | Slain by a kobold brigand

Illustrated notes

Levels and vault maps discovered:
D:1:      minmay_arrival_radiant_lines, layout_basic, hangedman_feature_mirror
D:2:      layout_rooms, basic_ecumenical_altar, basic_altar, serial_shops, shop,
          uniq_jessica
D:3:      layout_rooms, nicolae_overflow_crystal_walls, grunt_ministairs_11,
          chequers_big_river, solitary_fountain

Skill      XL: |  1  2  3 |
---------------+----------+-----
Axes           | 3 4 |  4.8
Fighting       | |  2.1
Throwing       | |  1.0
Armour         | |  1.1
Dodging        | |  1.7
Spellcasting   | |  2.1
Translocations | |  2.6

Action                   |  1- 3 |  4- 6 || total
-------------------------+-------+-------++-------
Melee: Hand axe          |   117 |    58 ||   175
       Punch             |     2 |     1 ||     3
Throw: Boomerang         |       |     3 ||     3
  Use: Scroll            |     3 |     2 ||     5
Armor: Leather armour    |    44 |    12 ||    56
Dodge: Dodged            |    75 |    31 ||   106
